 Dungeon Crawl Stone Soup version 0.31.0-4-g52a2dc7128 (webtiles) character file.

Game seed: 14950665069499741934

181 Arctor the Shooter (level 5, -3/31 HPs)
             Began as a Kobold Hexslinger on Jan 23, 2024.
             Slain by Sigmund
             ... wielding a +5 scythe of protection
              (4 damage)
             ... on level 3 of the Dungeon.
             The game lasted 00:02:02 (2453 turns).

Arctor the Shooter (Kobold Hexslinger)              Turns: 2453, Time: 00:02:02

Health: -3/31      AC:  3    Str:  5    XL:     5   Next: 92%
Magic:  5/8        EV: 17    Int: 13    God:
Gold:   278        SH:  0    Dex: 23    Spells: 3/8 levels left

rFire   . . .        a - +1 sling
rCold   . . .        (no shield)
rNeg    . . .        c - +0 robe
rPois   .            e - +0 helmet
rElec   .            (no cloak)
rCorr   .            (no gloves)
SInv    .            (no boots)
Will    .....        (no amulet)
Stlth   +++          (no ring)
HPRegen 0.25/turn    (no ring)
MPRegen 0.11/turn

%: no passive effects
@: attractive
A: small, no large weapons, nightstalker 3, agile 1, wild magic 1
a: no special abilities


You were on level 3 of the Dungeon.
You visited 1 branch of the dungeon, and saw 3 of its levels.

You collected 278 gold pieces.

Inventory:

Hand Weapons
 a - a +1 sling (weapon)
 d - a +1 heavy spear
Armour
 c - a +0 robe (worn)
 e - a +0 helmet (worn)
Scrolls
 b - 4 scrolls of poison
 f - 2 scrolls of identify {unknown}
 j - a scroll of brand weapon {unknown}
 k - a scroll of fear {unknown}
 m - 2 scrolls of noise {unknown}
Potions
 h - 2 potions of might
 l - a potion of cancellation
 o - a potion of brilliance {unknown}


   Skills:
 + Level 2.4 Fighting
 + Level 4.0 Ranged Weapons
 + Level 3.5 Dodging
 + Level 2.2 Spellcasting
 + Level 3.5 Hexes
 - Level 2.1 Fire Magic


You had 3 spell levels left.
You knew the following spells:

 Your Spells              Type           Power      Damage    Failure   Level
a - Jinxbite              Hex            26%        N/A       13%         2
b - Inner Flame           Hex/Fire       11%        N/A       30%         3

Your spell library contained the following spells:

 Spells                   Type           Power      Damage    Failure   Level
 Sigil of Binding         Hex            13%        N/A       24%         3
 Fugue of the Fallen      Necr           1%         N/A       67%         3
 Ozocubu's Armour         Ice            1%         N/A       67%         3
 Cause Fear               Hex            6%         N/A       58%         4
 Dimensional Bullseye     Hex/Tloc       3%         N/A       82%         4
 Manifold Assault         Tloc           1%         N/A       96%         4
 Chain Lightning          Conj/Air       0%         2d1       100%        9
 Fire Storm               Conj/Fire      2%         8d1       100%        9
 Shatter                  Erth           0%         3d5*      100%        9


Dungeon Overview and Level Annotations

Branches:
Dungeon (3/15)

Altars:

Annotations:
D:3 Sigmund


Innate Abilities, Weirdness & Mutations

You are small and have problems with some larger weapons.
You are completely attuned to the shadows.
You are agile. (Dex +4, Str/Int -1)
Your spells are a little harder to cast, but a little more powerful.


Message History

The howler monkey hits you but does no damage.
You shoot a sling bullet.
The sling bullet closely misses the howler monkey.
The jinxing sprites lose interest in you.
The howler monkey seems less drained.
The howler monkey closely misses you. Something closely misses you.
The howler monkey hits you.
You shoot a sling bullet.
The sling bullet barely misses the howler monkey.
The howler monkey misses you.
You shoot a sling bullet.
The sling bullet barely misses the howler monkey.
Something hits you. The howler monkey misses you.
Casting: Jinxbite (safe; 9% risk of failure)
Confirm with . or Enter, or press ? or * to list all spells.
You beckon some vexing sprites to accompany your attacks.
You feel your willpower being sapped. The howler monkey misses you.
Something hits you!
* * * LOW HITPOINT WARNING * * *
The howler monkey hits you.
* * * LOW HITPOINT WARNING * * *
It was a potion of resistance.
You feel protected.
The howler monkey hits you but does no damage.
Something hits you.
* * * LOW HITPOINT WARNING * * *
It was a potion of mutation.
You feel extremely strange.
You feel less in control of your magic.
You feel agile. The howler monkey misses you.
It was a potion of cancellation.
Your magical effects are unravelling.
You feel magically purged.
Your resistance to elements expires.
You feel your willpower return.
The jinxing sprites lose interest in you.
The howler monkey hoots and howls with incredible vigour!
Something barely misses you.
It was a potion of attraction.
You feel attractive to monsters.
The howler monkey completely misses you.
Something hits you.
You die...

##......<....#.##.#
###########.#.##.# #.#....#
####### #.#.#..## #.....#
.#.....# #.....## #.....#
......## .......## #.....#
####.## ..PP...# #.....#####
#.###..P######### #.....#...#
#@..#b..#.......# ###.......#
#h###...#######.# #####...# #{#
.....PP#.# ##.## #.# .P.b.bP##.#
#.# ..# #b..P.###.# ######## #.##
#######.## .......# #[.#
########.#....... ###.#### ##.#
##......#....###..
###'#######'####..............#..


You could see a howler monkey (catching breath).

Vanquished Creatures
  Jessica (D:2)
  Natasha (twice) (D:2)
  Robin (D:2)
  An adder (D:2)
  3 dart slugs
  A ribbon worm (D:2)
  2 orcs (D:3)
  4 ball pythons
  A bat (D:1)
  4 endoplasms
  4 giant cockroaches
  20 goblins
  6 hobgoblins
  4 jackals (D:2)
  3 kobolds
  3 quokkas
  4 frilled lizards
  2 rats
66 creatures vanquished.

Notes
Turn   | Place    | Note
-------+----------+-------------------------------------------
     0 | D:1      | Arctor the Kobold Hexslinger began the quest for the Orb.
     0 | D:1      | Reached XP level 1. HP: 12/12 MP: 2/2
    26 | D:1      | Found a faded altar of an unknown god.
    58 | D:1      | Reached XP level 2. HP: 16/16 MP: 3/3
   154 | D:1      | Reached skill level 3 in Ranged Weapons
   383 | D:1      | Reached XP level 3. HP: 12/20 MP: 5/5
   386 | D:1      | Learned a level 2 spell: Jinxbite
  1446 | D:2      | Reached XP level 4. HP: 21/26 MP: 3/6
  1473 | D:2      | Noticed Jessica
  1480 | D:2      | Killed Jessica
  1625 | D:2      | Noticed Natasha
  1636 | D:2      | Killed Natasha
  1637 | D:2      | Reached XP level 5. HP: 8/30 MP: 3/8
  1725 | D:2      | Noticed Robin
  1731 | D:2      | Killed Robin
  1835 | D:2      | Noticed Natasha
  1848 | D:2      | Killed Natasha
  2313 | D:3      | Reached skill level 4 in Ranged Weapons
  2317 | D:3      | Learned a level 3 spell: Inner Flame
  2439 | D:3      | Noticed Sigmund
  2450 | D:3      | HP: 1/31 [something (6)]
  2451 | D:3      | Gained mutation: Your spells are a little harder to cast,
                  | but a little more powerful. [potion of mutation]
  2451 | D:3      | Gained mutation: You are agile. (Dex +4, Str/Int -1)
                  | [potion of mutation]
  2453 | D:3      | Slain by Sigmund

Illustrated notes

Levels and vault maps discovered:
D:1:      lightli_arrival_chessboard, layout_basic,
          hellmonk_ecumenical_altar_run_dry, minmay_gold_behind_fungi,
          hangedman_decor_slide_cut
D:2:      layout_rooms, nicolae_houndstooth_variations, uniq_jessica,
          uniq_natasha, uniq_robin
D:3:      layout_loops_cross, serial_aquarium, aquarium_bridge_straight
          [aquarium_subvault_bridge, aquarium_subvault_balcony,
          aquarium_subvault_bridge, aquarium_subvault_window],
          aquarium_bridge_square [aquarium_subvault_window,
          aquarium_subvault_window, aquarium_subvault_window,
          aquarium_subvault_bridge], aquarium_window_corridor_1,
          aquarium_window_fake, aquarium_window_corner, aquarium_window_1,
          aquarium_view_2b, aquarium_balcony_3b, aquarium_pool_five,
          uniq_sigmund

Skill      XL: |  1  2  3  4  5 |
---------------+----------------+-----
Ranged Weapons | 3 4 |  4.0
Fighting       | 2 |  2.4
Dodging        | 3 |  3.5
Spellcasting   | 2 |  2.2
Fire Magic     | 2 |  2.1
Hexes          | |  3.5

Action                     |  1- 3 |  4- 6 || total
---------------------------+-------+-------++-------
   Fire: Sling             |    98 |   104 ||   202
   Cast: Jinxbite          |     1 |     7 ||     8
    Use: Potion            |       |     8 ||     8
 Armour: Robe              |    16 |    45 ||    61
         Skin              |       |    21 ||    21
  Dodge: Dodged            |    33 |    70 ||   103
